General information
			
			
        
        - name: BNet
 
        - type: Ladder team game (AT/RT)
 
        - host: Battle.net
 
        - saver: Daniel
 
        
map: Goldshire 
        - players: 4
 
        - length: 20:09
 
        - speed: Fast
 - version: 1.22 W3XP
 - replay type:  Public
 
» download(190 KB)
Players
        team 1 (winner) 
              
              
Daniel (
purple | 272 APM | 5474 actions | 20:09)
              
 4 Priestess of the Moon 
 2 Searing Arrows
 2 Trueshot Aura
 
                » actions 
                
                | Assign group hotkey | 41 |  | 
| Basic commands | 250 |  | 
| Build / train | 94 |  | 
| ESC pressed | 5 |  | 
| Enter build submenu | 19 |  | 
| Enter hero's abilities submenu | 4 |  | 
| Right click | 2111 |  | 
| Select / deselect | 636 |  | 
| Select group hotkey | 2268 |  | 
| Use ability | 46 |  | 
                5474 total
 » units 
                
                | Wisp | 39 |  | 
| Huntress | 18 |  | 
| Archer | 10 |  | 
| Faerie Dragon | 4 |  | 
                71 total
 » upgrades
                
                | Moon Armor | 2 |  | 
| Strength of the Moon | 2 |  | 
| Improved Bows | 1 |  | 
                5 total
 » buildings
                
                | Altar of Elders | 1 |  | 
| Moon Well | 5 |  | 
| Hunter's Hall | 1 |  | 
| Ancient of War | 3 |  | 
| Tree of Life | 2 |  | 
| Tree of Ages | 1 |  | 
| Ancient of Wind | 1 |  | 
| Ancient of Wonders | 1 |  | 
| Tree of Eternity | 1 |  | 
                16 total
 » build order
                00:08 Altar of Elders
00:21 Moon Well
01:46 Hunter's Hall
01:49 Ancient of War
01:57 Ancient of War
02:06 Moon Well
02:21 Ancient of War
04:01 Moon Well
05:34 Tree of Life
05:49 Moon Well
10:54 Tree of Ages
14:46 Moon Well
15:11 Ancient of Wind
16:19 Tree of Life
16:30 Ancient of Wonders
20:07 Tree of Eternity
» items
                
                | Scroll of Healing | 3 |  | 
| Scroll of Protection | 3 |  | 
| Dust of Appearance | 1 |  | 
| Scroll of Town Portal | 1 |  | 
| Potion of Healing | 1 |  | 
                9 total
  
               
              
              
Fenix-Master (
red | 180 APM | 3633 actions | 20:09)
              
 5 Death Knight 
 3 Death Coil
 2 Unholy Aura
 3 Lich 
 2 Frost Nova
 1 Frost Armor
 3 Crypt Lord 
 2 Impale
 1 Spiked Carapace
 
                » actions 
                
                | Assign group hotkey | 39 |  | 
| Basic commands | 251 |  | 
| Build / train | 93 |  | 
| ESC pressed | 1 |  | 
| Enter build submenu | 19 |  | 
| Enter hero's abilities submenu | 12 |  | 
| Give item / drop item | 2 |  | 
| Right click | 1050 |  | 
| Select / deselect | 460 |  | 
| Select group hotkey | 1540 |  | 
| Use ability | 166 |  | 
                3633 total
 » units 
                
                | Acolyte | 5 |  | 
| Ghoul | 7 |  | 
| Crypt Fiend | 18 |  | 
| Obsidian Statue | 4 |  | 
| Frost Wyrm | 6 |  | 
                40 total
 » upgrades
                
                | Creature Attack | 3 |  | 
| Burrow | 1 |  | 
| Destroyer Form | 1 |  | 
| Web | 1 |  | 
| Creature Carapace | 1 |  | 
                7 total
 » buildings
                
                | Graveyard | 1 |  | 
| Crypt | 1 |  | 
| Altar of Darkness | 1 |  | 
| Ziggurat | 9 |  | 
| Tomb of Relics | 1 |  | 
| Halls of the Dead | 5 |  | 
| Slaughterhouse | 1 |  | 
| Black Citadel | 3 |  | 
| Sacrificial Pit | 1 |  | 
| Boneyard | 1 |  | 
                24 total
 » build order
                00:06 Graveyard
00:11 Crypt
00:33 Altar of Darkness
00:42 Ziggurat
01:05 Tomb of Relics
01:48 Ziggurat
03:34 Ziggurat
04:55 Halls of the Dead
04:55 Halls of the Dead
04:55 Halls of the Dead
04:56 Halls of the Dead
06:21 Ziggurat
07:18 Slaughterhouse
07:20 Black Citadel
07:21 Black Citadel
08:37 Sacrificial Pit
08:52 Ziggurat
10:09 Boneyard
10:51 Ziggurat
13:42 Ziggurat
14:55 Ziggurat
16:11 Ziggurat
» items
                
                | Rod of Necromancy | 3 |  | 
| Orb of Corruption | 1 |  | 
| Scroll of Healing | 2 |  | 
| Potion of Lesser Invulnerability | 1 |  | 
                7 total
  
               team 2 (loser) 
              
              
kk_GoLiaH (
green | 185 APM | 3719 actions | 20:05)
              
 4 Death Knight 
 2 Death Coil
 2 Unholy Aura
 3 Lich 
 2 Frost Nova
 1 Dark Ritual
 
                » actions 
                
                | Assign group hotkey | 36 |  | 
| Basic commands | 186 |  | 
| Build / train | 74 |  | 
| Enter build submenu | 16 |  | 
| Enter hero's abilities submenu | 7 |  | 
| Give item / drop item | 3 |  | 
| Right click | 1455 |  | 
| Select / deselect | 589 |  | 
| Select group hotkey | 1259 |  | 
| Use ability | 93 |  | 
                3719 total
 » units 
                
                | Acolyte | 5 |  | 
| Ghoul | 1 |  | 
| Crypt Fiend | 24 |  | 
| Obsidian Statue | 2 |  | 
                32 total
 » upgrades
                » buildings
                
                | Graveyard | 1 |  | 
| Crypt | 1 |  | 
| Altar of Darkness | 1 |  | 
| Ziggurat | 7 |  | 
| Tomb of Relics | 1 |  | 
| Nerubian Tower | 5 |  | 
| Spirit Tower | 2 |  | 
| Halls of the Dead | 1 |  | 
| Slaughterhouse | 1 |  | 
| Black Citadel | 2 |  | 
                22 total
 » build order
                00:08 Graveyard
00:15 Crypt
00:46 Altar of Darkness
01:04 Ziggurat
01:29 Tomb of Relics
02:02 Nerubian Tower
02:02 Nerubian Tower
02:02 Nerubian Tower
02:20 Ziggurat
02:22 Ziggurat
04:19 Spirit Tower
04:19 Spirit Tower
05:02 Ziggurat
05:28 Halls of the Dead
08:16 Ziggurat
08:50 Slaughterhouse
10:50 Ziggurat
12:17 Black Citadel
12:17 Black Citadel
12:33 Ziggurat
» items
                
                | Rod of Necromancy | 5 |  | 
| Dust of Appearance | 2 |  | 
| Scroll of Town Portal | 3 |  | 
| Orb of Corruption | 1 |  | 
| Potion of Healing | 1 |  | 
                12 total
  
               
              
              
NoHackPlz (
pink | 203 APM | 4090 actions | 20:08)
              
 6 Archmage 
 1 Summon Water Elemental
 3 Brilliance Aura
 2 Blizzard
 2 Mountain King 
 1 Storm Bolt
 1 Thunder Clap
 
                » actions 
                
                | Assign group hotkey | 38 |  | 
| Basic commands | 654 |  | 
| Build / train | 97 |  | 
| Enter build submenu | 24 |  | 
| Enter hero's abilities submenu | 7 |  | 
| Right click | 1181 |  | 
| Select / deselect | 613 |  | 
| Select group hotkey | 1352 |  | 
| Use ability | 124 |  | 
                4090 total
 » units 
                
                | Peasant | 13 |  | 
| Footman | 9 |  | 
| Sorceress | 2 |  | 
| Spell Breaker | 23 |  | 
                47 total
 » upgrades
                
                | Defend | 1 |  | 
| Lumber Harvesting | 1 |  | 
                2 total
 » buildings
                
                | Altar of Kings | 1 |  | 
| Barracks | 1 |  | 
| Farm | 7 |  | 
| Scout Tower | 3 |  | 
| Arcane Tower | 2 |  | 
| Keep | 4 |  | 
| Lumber Mill | 1 |  | 
| Arcane Vault | 1 |  | 
| Guard Tower | 8 |  | 
| Arcane Sanctum | 2 |  | 
                30 total
 » build order
                00:08 Altar of Kings
00:19 Barracks
00:34 Farm
01:03 Farm
01:34 Scout Tower
01:46 Farm
02:18 Arcane Tower
02:19 Arcane Tower
03:25 Keep
03:26 Keep
03:26 Keep
03:29 Lumber Mill
03:30 Scout Tower
03:33 Scout Tower
03:54 Arcane Vault
04:04 Farm
04:32 Guard Tower
04:33 Guard Tower
04:33 Guard Tower
04:38 Guard Tower
04:39 Guard Tower
04:39 Guard Tower
05:32 Farm
06:15 Arcane Sanctum
06:39 Arcane Sanctum
07:05 Farm
08:25 Farm
» items
                
                | Scroll of Regeneration | 4 |  | 
| Tome of Retraining | 1 |  | 
| Scroll of Town Portal | 4 |  | 
| Potion of Healing | 2 |  | 
| Potion of Lesser Invulnerability | 1 |  | 
| Scroll of Healing | 1 |  | 
                13 total
  
                Chat log
          (00:25 / Allies) Daniel: mi padre
(00:30 / Allies) Daniel: is from mexico originally
(00:32 / Allies) Daniel: but me
(00:34 / Allies) Daniel: from ohio
(00:39 / All) Fenix-Master: ^^
(00:43 / Allies) Daniel: age?
(00:46 / Allies) Daniel: <- 19
(00:47 / Allies) Fenix-Master: 19
(00:49 / Allies) Daniel: haha
(00:49 / Allies) Daniel: ,3
(00:51 / Allies) Daniel: <3!
(00:59 / All) Fenix-Master: O_O
(01:10 / Allies) Daniel: ^_-
(01:25 / Allies) Fenix-Master: after this game i gonna sleep
(01:26 / Allies) Fenix-Master: tt
(01:31 / Allies) Daniel: por que
(01:32 / Allies) Daniel: no
(01:33 / Allies) Daniel: no sleep
(01:34 / Allies) Daniel: to early
(01:35 / Allies) Daniel: !!!
(01:39 / Allies) Fenix-Master: lol
(01:41 / Allies) Daniel: lets rank
(01:43 / Allies) Daniel: 2night
(01:45 / Allies) Fenix-Master: im so tired
(01:50 / Allies) Fenix-Master: :O
(01:54 / Allies) Daniel: beber?
(01:55 / Allies) Daniel: cafe?
(01:58 / Allies) Fenix-Master: tomorrow morinig
(05:49 / Allies) Fenix-Master: wood
(06:08 / Allies) Fenix-Master: b
(07:06 / Allies) Fenix-Master: ¿?
(07:07 / Allies) Daniel: ok
(07:43 / Allies) Daniel: tped
(07:58 / Allies) Daniel: omw
(08:05 / Allies) Daniel: gather
(10:04 / Allies) Fenix-Master: wood
(10:31 / Allies) Fenix-Master: we need level
(12:16 / Allies) Daniel: si se puede
(12:17 / Allies) Fenix-Master: wisp
(12:32 / Allies) Daniel: share plz
(12:43 / Allies) Daniel: wand
(12:44 / Allies) Daniel: imba
(13:48 / Allies) Daniel: fiend
(13:49 / Allies) Daniel: back
(14:29 / Allies) Daniel: am
(18:58 / Allies) Daniel: dk
(19:03 / Allies) Daniel: i tp
(19:07 / Allies) Daniel: dk
(19:08 / Allies) Daniel: plz